 Dungeon Crawl Stone Soup version 0.26.1-11-gd32895ea62 (webtiles) character file.

Game seed: 17488499947198195705

507 Zeld the Carver (level 7, -1/50 HPs)
             Began as a Human Gladiator on June 4, 2021.
             Was a Follower of the Shining One.
             Slain by a big kobold zombie (4 damage)
             ... in an ossuary.
             The game lasted 00:05:23 (4703 turns).

Zeld the Carver (Human Gladiator)                   Turns: 4703, Time: 00:05:23

Health: -1/50      AC:  6    Str: 16    XL:     7   Next: 42%
Magic:  7/7        EV: 13    Int:  8    God:    the Shining One [*.....]
Gold:   176        SH:  0    Dex: 15    Spells: 6/6 levels left

rFire    . . .     SeeInvis .   a - +0 long sword
rCold    . . .     Faith    .   (no shield)
rNeg     . . .     Spirit   .   b - +0 leather armour
rPois    .         Reflect  .   y - +0 helmet
rElec    .         Harm     .   t - +0 cloak
rCorr    .         Rampage  .   g - +0 pair of gloves
Will     .....                  (no boots)
Stlth    +.........             (no amulet)
HPRegen  0.16/turn              (no ring)
MPRegen  0.10/turn              (no ring)

@: glowing
A: no striking features
a: Renounce Religion


You were in an ossuary.
You worshipped the Shining One.
The Shining One was aware of your devotion.
You visited 1 branch of the dungeon, and saw 4 of its levels.
You also visited: Ossuary.

You collected 176 gold pieces.

Inventory:

Hand Weapons
 a - a +0 long sword (weapon)
Missiles
 d - 2 throwing nets
 v - 6 boomerangs (quivered)
Armour
 b - a +0 leather armour (worn)
 g - a +0 pair of gloves (worn)
 t - a +0 cloak (worn)
 y - a +0 helmet (worn)
Jewellery
 f - an uncursed ring of resist corrosion {unknown}
 m - a cursed ring of teleportation {unknown}
 q - a +4 ring of evasion {unknown}
 u - an uncursed ring of wizardry {unknown}
Scrolls
 c - a scroll of blinking {unknown}
 h - 5 scrolls of teleportation {unknown}
 i - 4 scrolls of identify {unknown}
 j - 5 scrolls of remove curse {unknown}
 n - a scroll of fog {unknown}
 o - 3 scrolls of magic mapping {unknown}
 x - a scroll of amnesia {unknown}
Potions
 e - 3 potions of lignification {unknown}
 k - 3 potions of curing {unknown}
 l - 3 potions of flight {unknown}
 p - a potion of magic {unknown}
 r - 2 potions of heal wounds {unknown}
 s - a potion of haste {unknown}
 w - a potion of ambrosia {unknown}


   Skills:
 - Level 2.0 Fighting
 * Level 8.0 Long Blades
 - Level 2.0 Throwing
 - Level 3.0 Dodging


You had 6 spell levels left.
You didn't know any spells.
Your spell library was empty.

Dungeon Overview and Level Annotations

Branches:
Dungeon (4/15)            Ossuary (1/1)
 Temple: D:4-7

Altars:
Dithmenos
Yredelemnul
The Shining One


Message History

There is an open door here.
Really walk into that dart trap?
You avoid triggering a dart trap.
There is a dart trap here.
You hit the kobold zombie.
The kobold zombie is heavily damaged.
You hit the kobold zombie.
You destroy the kobold zombie!
The Shining One accepts your kill.
You slash the big kobold zombie!
The big kobold zombie is heavily damaged.
The big kobold zombie hits you but does no damage.
You hit the big kobold zombie.
The big kobold zombie is heavily damaged.
The big kobold zombie hits you.
* * * LOW HITPOINT WARNING * * *
You hit the big kobold zombie.
The big kobold zombie is severely damaged.
The big kobold zombie hits you.
You die...

### ### ###
##+####.###.###.####
#^^^#.............#.
#^∩@Z..M.M.......M'.
#^^^#.Z.M.........#.
#######.###.###.####
### ### ###


You could see 3 mummies, a quokka zombie and a big kobold zombie.

Vanquished Creatures
  Purgy (D:1)
  The ghost of pgf the Cudgeller, an amateur DrGl (D:3)
  A bullfrog (D:3)
  Crazy Yiuf (D:2)
  An orc priest (D:3)
  An orc wizard (D:2)
  Robin (D:3)
  4 adders
  2 worms
  A dart slug (D:1)
  6 leopard geckos
  6 orcs (D:3)
  8 giant cockroaches
  17 goblins
  9 hobgoblins
  14 jackals
  7 kobolds
  7 bats
  6 frilled lizards
  A hobgoblin zombie (Ossuary)
  2 kobold zombies (Ossuary)
  A quokka zombie (D:4)
  8 rats
  2 rat zombies
108 creatures vanquished.

Notes
Turn   | Place    | Note
-------+----------+-------------------------------------------
     0 | D:1      | Zeld the Human Gladiator began the quest for the Orb.
     0 | D:1      | Reached XP level 1. HP: 16/16 MP: 1/1
   181 | D:2      | Reached XP level 2. HP: 22/22 MP: 2/2
   498 | D:3      | Reached skill level 4 in Long Blades
   498 | D:3      | Reached XP level 3. HP: 27/27 MP: 3/3
   556 | D:3      | Noticed Purgy
   563 | D:3      | Found a glowing golden altar of the Shining One.
   565 | D:3      | Noticed an angel
   570 | D:3      | Became a worshipper of the Shining One
   831 | D:1      | Killed Purgy
   832 | D:1      | Reached skill level 5 in Long Blades
   832 | D:1      | Reached XP level 4. HP: 26/33 MP: 4/4
   832 | D:1      | Reached XP level 5. HP: 30/38 MP: 5/5
  1776 | D:2      | Reached skill level 6 in Long Blades
  2233 | D:2      | Reached XP level 6. HP: 40/44 MP: 6/6
  2233 | D:2      | Found a shadowy altar of Dithmenos.
  2337 | D:2      | Found a runed translucent door.
  2338 | D:2      | Noticed Crazy Yiuf
  2360 | D:2      | Killed Crazy Yiuf
  2717 | D:3      | Noticed Robin
  3081 | D:3      | Killed Robin
  3158 | D:3      | Found a basalt altar of Yredelemnul.
  3539 | D:3      | Found a runed translucent door.
  3544 | D:3      | Noticed pgf's ghost (amateur DrGl)
  3817 | D:3      | Noticed a profane servitor
  3892 | D:2      | Reached skill level 7 in Long Blades
  4081 | D:3      | Reached * piety under the Shining One
  4246 | D:3      | Found a runed translucent door.
  4363 | D:3      | Reached XP level 7. HP: 42/50 MP: 7/7
  4384 | D:3      | Killed pgf's ghost
  4385 | D:3      | Reached skill level 8 in Long Blades
  4641 | D:4      | Found a sand-covered staircase.
  4663 | Ossuary  | Entered an ossuary
  4702 | Ossuary  | HP: 2/50 [big kobold zombie (5)]
  4703 | Ossuary  | Slain by a big kobold zombie

Illustrated notes

Levels and vault maps discovered:
D:1:      minmay_arrival_plants_in_alcoves, layout_basic
D:2:      layout_basic, marbit_many_paths, grunt_ministairs_6, minmay_quantized,
          uniq_crazy_yiuf_cottage
D:3:      layout_basic, grunt_temple_overflow_holy_war, ebering_ghost_sewer_f,
          uniq_robin, uniq_purgy
D:4:      minmay_bubble_buster, layout_loops_ring, minitemple,
          minmay_temple_entry_drinking_statues, enter_ossuary_4
Ossuary:  ossuary_minmay_chase

Skill      XL: |  1  2  3  4  5  6  7 |
---------------+----------------------+-----
Long Blades    | 4 5 6 7 8 |  8.0
Fighting       | |  2.0
Throwing       | |  2.0
Dodging        | |  3.0

Action                   |  1- 3 |  4- 6 |  7- 9 || total
-------------------------+-------+-------+-------++-------
Melee: Long sword        |    54 |   205 |    41 ||   300
Throw: Throwing net      |     3 |     3 |       ||     6
 Stab: Sleeping          |     1 |       |       ||     1
Armor: Leather armour    |    35 |    65 |     9 ||   109
Dodge: Dodged            |    58 |   202 |    25 ||   285
       Rpst.: Long sword |    14 |    86 |     8 ||   108
